Match 46703688
Unlisted

Match 46703688
End
Construct Infanterie Kompanie
Kettenkrad Recon Vehicle
MG 42 Machine Gun Team
MG 42 Machine Gun Team
Grenadier Squad
Grenadier Squad
Infanterie Officer Quarters
Construct Luftwaffe Kompanie
Jäger Squad
Medical Bunker
Support Elements
Wirbelwind Flakpanzer
Jäger Squad
Construct Panzer Kompanie
Medical Bunker
Stoßtruppen Squad
Selects Breakthrough Battlegroup
Selects Rapid Production
Selects Blitzkrieg
Stoßtruppen Squad
Selects Tiger Heavy Tank
Tiger Heavy Tank
Panzer Officer Quarters
Jäger Squad
Selects Assault Grenadiers
Selects Breakthrough
Selects Incendiary Bombing Run
Incendiary Bombing Run
Sturmpanzer IV Brummbär
Incendiary Bombing Run
Panzer IV Medium Tank
Side Skirts
Sad Pepe
gio_misro
Falafel Wrap
Neandertools
0
0

Comments sign in to comment!

No comments posted yet!